 Dungeon Crawl Stone Soup version 0.21-a0-531-gacddea6 (webtiles) character file.

123 AverageBear the Cutter (level 4, 27/27 HPs)
             Began as a Deep Elf Fighter on Dec 13, 2017.
             Quit the game on level 2 of the Dungeon.
             The game lasted 00:03:41 (1555 turns).

AverageBear the Cutter (Deep Elf Fighter)           Turns: 1555, Time: 00:03:41

Health: 27/27      AC:  6    Str: 14    XL:     4   Next: 79%
Magic:  6/6        EV:  8    Int: 13    God:
Gold:   92         SH:  8    Dex: 14    Spells: 3/3 levels left

rFire    . . .     SeeInvis .   a - +0 rapier
rCold    . . .     Gourm    .   c - +0 shield
rNeg     . . .     Faith    .   g - +0 leather armour (curse)
rPois    .         Spirit   .   (no helmet)
rElec    .         Reflect  .   d - +2 cloak
rCorr    .         Harm     +   (no gloves)
MR       .....                  (no boots)
Stlth    +.........             l - amulet of harm
HPRegen  0.09/turn              (no ring)
MPRegen  0.10/turn              (no ring)

@: very slightly contaminated
A: no striking features
a: no special abilities


You were on level 2 of the Dungeon.
You were not hungry.

You visited 1 branch of the dungeon, and saw 2 of its levels.

You collected 92 gold pieces.

Inventory:

Hand Weapons
 a - a +0 rapier (weapon)
Armour
 b - a +0 scale mail
 c - a +0 shield (worn)
 d - a +2 cloak (worn)
 g - a cursed +0 leather armour (worn)
Jewellery
 l - an amulet of harm (around neck)
Scrolls
 j - a scroll of amnesia
Comestibles
 f - 2 bread rations
 h - 2 royal jellies
 i - a meat ration
 k - 3 fruits
 m - a chunk of flesh


   Skills:
 - Level 2.4 Fighting
 + Level 5.1 Short Blades
 - Level 2.4 Armour
 - Level 2.4 Shields


You had 3 spell levels left.
You didn't know any spells.

Dungeon Overview and Level Annotations

Branches:
Dungeon (2/15)

Altars:
Dithmenos


Message History

A bat is nearby!
You hit the bat.
You kill the bat!
You butcher the bat corpse.
m - a chunk of flesh You open the door.
Found a shadowy altar of Dithmenos.
No target in view!
No target in view!
No target in view!
No target in view!
No target in view!
No target in view!
No target in view!
Blink to where?
Press: ? - help, Dir - move target cursor You are very lightly contaminated with residual magic.
As you read the scroll labeled FALYOJ HERPHYUBLUQ, it crumbles to dust.
It was a scroll of blinking.
Are you sure you want to abandon this character and quit the game? (Confirm with "yes".)

#+# #.# #.# ._#
#. #.# .. # #.#
.##
#..###'###...#.
#....ยง@........
#.#####.##....
#..# . #. #.##
#.# ##.# #.#
#..# #.###.##
#.##..# #.##.##


There were no monsters in sight!

Vanquished Creatures
  Natasha (D:2)
  An iguana (D:2)
  4 adders (D:2)
  A dart slug (D:1)
  A leopard gecko (D:1)
  A giant cockroach (D:2)
  5 goblins (D:1)
  3 hobgoblins
  2 jackals (D:1)
  2 kobolds
  A ball python (D:1)
  8 bats
  2 frilled lizards
  4 rats
36 creatures vanquished.

Notes
Turn   | Place    | Note
-------+----------+-------------------------------------------
     0 | D:1      | AverageBear the Deep Elf Fighter began the quest for the Orb.
     0 | D:1      | Reached XP level 1. HP: 13/13 MP: 3/3
   254 | D:1      | Reached XP level 2. HP: 18/18 MP: 4/4
   309 | D:1      | Reached skill level 3 in Short Blades
   944 | D:2      | Reached XP level 3. HP: 22/22 MP: 5/5
   976 | D:2      | Noticed Natasha
   984 | D:2      | Killed Natasha
   984 | D:2      | Reached skill level 4 in Short Blades
  1121 | D:2      | Reached XP level 4. HP: 16/27 MP: 6/6
  1276 | D:2      | Reached skill level 5 in Short Blades
  1553 | D:2      | Found a shadowy altar of Dithmenos.
  1555 | D:2      | Quit the game

Vault maps used:
D:1:      dpeg_chamrin_arrival_tetris
D:2:      lemuel_doored_altar, uniq_natasha

Skill      XL: |  1  2  3  4 |
---------------+-------------+-----
Short Blades   | 3 4 5 |  5.1
Fighting       | |  2.4
Armour         | |  2.4
Shields        | |  2.4

Action                   |  1- 3 |  4- 6 || total
-------------------------+-------+-------++-------
Melee: Rapier            |    81 |    38 ||   119
  Use: Potion            |     2 |     2 ||     4
       Scroll            |       |     3 ||     3
  Eat: Chunk             |     1 |     1 ||     2
Armor: Scale mail        |    39 |       ||    39
       Leather armour    |     1 |    17 ||    18
Dodge: Dodged            |    29 |    20 ||    49
Block: Shield            |    39 |    28 ||    67

Table legend:
 A = Spawn XP
 B = Non-spawn XP
 C = Spawn XP percentage of total XP
 D = Spawn monster count
 E = Non-spawn monster count
 F = Spawn count percentage of total count
 G = Total turns spent on level
                    A         B        C        D         E        F      G
               +---------+---------+-------+---------+---------+-------+---------
         Total |       0 |     176 |   0.0 |       0 |      36 |   0.0 |  1555
               +---------+---------+-------+---------+---------+-------+---------
           D:1 |       0 |      40 |   0.0 |       0 |      22 |   0.0 |   939
           D:2 |       0 |     136 |   0.0 |       0 |      14 |   0.0 |   616
               +---------+---------+-------+---------+---------+-------+---------
